[Event "Polish University-ch Teams 2024"]
[Site "Lublin"]
[Date "2024.02.25"]
[Round "7.12"]
[White "Moscicka, Pola"]
[Black "Kaczmarska, Joanna"]
[Result "1/2-1/2"]
[ECO "D39"]
[WhiteElo "1960"]
[BlackElo "1870"]
[Annotator "NA"]
[PlyCount "103"]
[EventDate "2024.02.22"]
[EventType "team-tourn"]
[EventCountry "POL"]
[SourceTitle "playchess.com"]
[Source "ChessBase"]
[SourceQuality "1"]
[TimeControl "900+5"]

1. d4 d5 2. c4 e6 3. Nc3 Bb4 4. Nf3 Nf6 5. Bg5 dxc4 6. e4 c5 7. Bxf6 gxf6 8. Bxc4 cxd4 9. Qxd4 Qxd4 10. Nxd4 Bxc3+ 11. bxc3 a6 12. O-O b5 13. Bd3 Nd7 14. Nb3 Bb7 15. a4 Ne5 16. Nc5 Nxd3 17. Nxb7 bxa4 18. Rxa4 Rg8 19. g3 Ke7 20. Rd4 Nf4 21. Re1 Rac8 22. Kh1 e5 23. Rd6 Ne6 24. Rxa6 Rxc3 25. Nd6 Nd4 26. Rb1 Rd8 27. Rb7+ Rd7 28. Rxd7+ Kxd7 29. Nxf7 Rc6 30. Ra8 Rc8 31. Rxc8 Kxc8 32. Nh6 Kd7 33. Kg2 Ke6 34. f4 exf4 35. gxf4 Nc2 36. Ng4 f5 37. exf5+ Kxf5 38. Kg3 Nd4 39. Ne3+ Ke4 40. Ng2 h5 41. h3 Ne2+ 42. Kh4 Nxf4 43. Nxf4 Kxf4 44. Kxh5 Kf5 45. h4 Kf6 46. Kh6 Kf7 47. Kh7 Kf8 48. h5 Kf7 49. h6 Kf8 50. Kg6 Kg8 51. h7+ Kh8 52. Kh6 1/2-1/2

[Event "Polish University-ch Teams 2024"]
[Site "Lublin"]
[Date "2024.02.25"]
[Round "7.13"]
[White "Kosakowski, Jakub"]
[Black "Pacan-Milej, Kosma"]
[Result "1-0"]
[ECO "B12"]
[WhiteElo "2482"]
[BlackElo "2438"]
[Annotator "TA"]
[PlyCount "105"]
[EventDate "2024.02.22"]
[EventType "team-tourn"]
[EventCountry "POL"]
[SourceTitle "playchess.com"]
[Source "ChessBase"]
[SourceQuality "1"]
[TimeControl "900+5"]

1. e4 c6 2. d4 d5 3. e5 Bf5 4. c4 e6 5. Nc3 Ne7 6. h3 {[%emt 0:00:02] B12: Caro-Kann: Advance Variation.} Nd7 7. Nf3 dxc4 8. Bxc4 Nd5 9. O-O Be7 10. Bd3 Bxd3 11. Qxd3 O-O 12. Ne4 c5 13. dxc5 $146 ({Predecessor:} 13. Bg5 cxd4 14. Bxe7 Nxe7 15. Neg5 g6 16. Qxd4 Nf5 17. Qf4 Qb6 18. Rfd1 Nc5 19. b4 Na4 20. g4 Ne7 21. Ne4 Rfd8 22. Qh6 {1-0 Liyanage,R (2361)-Bitelmajer,M (2475) Titled Tuesday intern op 27th Jun Late blitz 2023 (2)}) 13... Nxc5 14. Nxc5 Bxc5 15. Ng5 g6 16. Ne4 Be7 17. Bh6 Re8 18. Rac1 Qb6 19. b3 Rad8 20. Rfd1 Rc8 21. Rc4 Qa6 22. Qf3 Rcd8 ({But not} 22... Rxc4 $2 23. bxc4 Rc8 (23... Qxc4 $2 24. Rxd5 exd5 25. Nf6+ Kh8 26. Nxe8 $18) 24. cxd5 $18) ({Black should try} 22... Rc6 $14) 23. Ng5 ({Better is} 23. Bg5 $16) 23... f5 $2 (23... Bxg5 $11 {and Black stays safe.} 24. Bxg5 b5) 24. exf6 $18 Nxf6 25. Re1 e5 26. Rxe5 (26. Rc7 $18 Rd3 27. Qxb7 Qxb7 28. Rxb7) 26... Bf8 (26... Qd6 $16 27. Re6 Qd1+ 28. Qxd1 Rxd1+ 29. Kh2 Rd6) 27. Rxe8 Rxe8 28. Bxf8 Rxf8 29. Rf4 Qd6 30. g3 h6 31. Ne4 Nxe4 32. Rxf8+ Qxf8 33. Qxe4 Qg7 34. Kg2 Kh7 35. g4 Qc7 (35... Qd7 $142 36. h4 Kg7 37. Qe5+ Kf7) 36. h4 $18 Kg7 37. Qd4+ Kh7 38. Qxa7 Qc6+ 39. f3 h5 (39... Qc2+ {was called for.} 40. Qf2 Qd3) 40. gxh5 $18 gxh5 41. Qe3 Qc2+ 42. Kg3 Qg6+ 43. Qg5 Qd6+ $2 (43... Qf7 44. Kf2 Kh8) 44. Kg2 $18 Qd1 45. Qxh5+ Kg7 46. Qe5+ Kh7 47. Qe4+ Kh6 48. Qe3+ Kg7 49. Kg3 Qc2 50. Qe7+ Kh8 51. h5 Qxa2 52. h6 Qb2 53. Qg7+ $2 (53. f4 {mates} Qxb3+ 54. Kh4 Qg8 55. Kh5 (55. Qxb7 Qd8+ 56. Kg3 Qd3+ 57. Kh4 Qd8+ 58. Kg4 Qd1+ 59. Qf3 Qd7+ 60. Kg3 Kh7 $11) 55... b5 56. Qe5+ Kh7 57. Qe4+ (57. Qxb5 Qg6+ 58. Kh4 Qxh6+ 59. Kg4 Qe6+ 60. Kf3 Qh3+ 61. Ke4 Qg2+ 62. Ke5 Qg7+ 63. Ke4 Qg2+ 64. Ke3 Qg1+ 65. Kd2 Qh2+ 66. Kc3 Qxf4 $11) 57... Kh8 58. Qd4+ Kh7 59. Qd7+ Kh8 60. f5 (60. Qxb5 Qf7+ 61. Kg5 Qe7+ 62. Kh5 Qf7+ 63. Kg5 Qe7+ 64. Kf5 Qh7+ 65. Ke5 Qe7+ 66. Kf5 Qf8+ 67. Kg6 Qg8+ 68. Kh5 Qf7+ $11)) 1-0

[Event "Polish University-ch Teams 2024"]
[Site "Lublin"]
[Date "2024.02.25"]
[Round "7.14"]
[White "Redzisz, Michal"]
[Black "Niedbala, Bartlomiej"]
[Result "0-1"]
[ECO "B92"]
[WhiteElo "2229"]
[BlackElo "2382"]
[Annotator "TA"]
[PlyCount "70"]
[EventDate "2024.02.22"]
[EventType "team-tourn"]
[EventCountry "POL"]
[SourceTitle "playchess.com"]
[Source "ChessBase"]
[SourceQuality "1"]
[TimeControl "900+5"]

1. e4 c5 2. Nf3 d6 3. d4 cxd4 4. Nxd4 Nf6 5. Nc3 a6 6. Be2 e5 7. Nb3 Be7 8. Be3 Be6 9. Qd3 Nbd7 10. Nd5 Bxd5 11. exd5 O-O 12. O-O Rc8 13. c4 a5 14. Rac1 Re8 15. Nd2 g6 {[%emt 0:00:00] Die Stellung ist ausgeglichen.} 16. a3 a4 17. Bd1 Qa5 18. Nb1 Qa6 19. Qd2 (19. Be2 $14) 19... Ne4 $11 (19... Rxc4 $6 20. Be2 b5 21. Bxc4 bxc4 22. h3 $16) 20. Qb4 Nec5 21. Be2 {[%emt 0:02:30] Lässt Nd3 nicht zu} Nb3 22. Rc2 Ndc5 {[%emt 0:00:00] Ein dynamisches Springerpaar.} 23. Nc3 $2 {[%emt 0:01:19] [#] Ein Fehler, der zur Niederlage führt.} (23. Rd1 $1 $15) 23... Nd4 $1 $19 24. Bxd4 exd4 25. Bg4 f5 ({Weniger gut wäre} 25... dxc3 26. Bxc8 Bf6 (26... Rxc8 $2 27. Qxc3 Bf8 28. Re1 $19) 27. Bxb7 Nxb7 28. bxc3 $19) 26. Bxf5 gxf5 27. Nd1 Bg5 {[%emt 0:00:00] Droht ...Nd3 und aus.} 28. h4 d3 29. hxg5 dxc2 30. Ne3 {[%emt 0:00:02] [#]} Rxe3 $1 31. fxe3 (31. Qd2 Re4) 31... Nd3 32. Qc3 Qxc4 33. Qf6 Ne5 {[%emt 0:00:00][%cal Oc4f1] ( -> ...Qxf1+!)} ({Minderwertig wäre} 33... c1=R 34. Qe6+ Kh8 (34... Kf8 35. Qxd6+ Kg8 36. Qe6+ Kh8 37. Qf6+ Kg8 38. Qe6+ Kh8 39. Qf6+ Kg8 40. Qe6+ $11) 35. Qf6+ Kg8 36. Qe6+ Kf8 37. Qxf5+ Ke8 38. Qe6+ Kd8 39. Qxd6+ Ke8 40. Qe6+ Kd8 41. Qd6+ Ke8 42. Qe6+ Kd8 43. Qd6+ $11) 34. Qe6+ Nf7 35. Qxf5 {[%emt 0:00:09] [#]} Qxf1+ $3 {[%emt 0:00:00][%mdl 512] Gewichteter Fehlerwert: Weiß=1.25/Schwarz=0.66.  Verlustzug:     	Weiß=1     	---        Fehler:       	Weiß=1     	---        Ungenau:       	Weiß=4     	Schwarz=1     OK:         	Weiß=1     	Schwarz=4     Bester:       	---       	Schwarz=2     Stark:        	---       	Schwarz=1} 0-1

[Event "Polish University-ch Teams 2024"]
[Site "Lublin"]
[Date "2024.02.25"]
[Round "7.15"]
[White "Hasterok, Mateusz"]
[Black "Galuszka, Tomasz"]
[Result "1/2-1/2"]
[ECO "D02"]
[WhiteElo "2150"]
[BlackElo "2181"]
[Annotator "RC"]
[PlyCount "69"]
[EventDate "2024.02.22"]
[EventType "team-tourn"]
[EventCountry "POL"]
[SourceTitle "playchess.com"]
[Source "ChessBase"]
[SourceQuality "1"]
[TimeControl "900+5"]

1. d4 d5 2. Nf3 Nf6 3. c3 Bf5 4. Qb3 Qc8 5. Bg5 Nbd7 6. Nbd2 e6 7. e3 Be7 8. Be2 h6 9. Bh4 O-O 10. O-O Re8 11. Rac1 c6 12. c4 Ne4 13. Bxe7 Rxe7 14. Nxe4 Bxe4 15. Nd2 Bg6 16. cxd5 exd5 17. Bf3 Nf6 18. Qa3 Qd7 19. b4 a6 20. Qb3 Ne4 21. Bxe4 Bxe4 22. Nxe4 Rxe4 23. a4 Re6 24. Rc5 Rg6 25. Rfc1 h5 26. Qd1 Qf5 27. Qe2 Re8 28. Kh1 Qe4 29. Qf3 Qh4 30. g3 Qh3 31. Qg2 Qf5 32. b5 axb5 33. axb5 Ree6 34. bxc6 bxc6 35. h3 1/2-1/2

[Event "Polish University-ch Teams 2024"]
[Site "Lublin"]
[Date "2024.02.25"]
[Round "7.16"]
[White "Skurniak, Szymon"]
[Black "Brozyna, Mateusz"]
[Result "1/2-1/2"]
[WhiteElo "2096"]
[BlackElo "2259"]
[Annotator "TA"]
[PlyCount "18"]
[EventDate "2024.02.22"]
[EventType "team-tourn"]
[EventCountry "POL"]
[SourceTitle "playchess.com"]
[Source "ChessBase"]
[SourceQuality "1"]
[TimeControl "900+5"]

1. e4 e5 2. Nf3 Nc6 3. d4 exd4 4. Nxd4 Bc5 5. Nb3 Bb6 6. Nc3 Nf6 7. Qe2 O-O (7... a5 $15) 8. Bg5 (8. Be3 $1 $11) 8... h6 $15 9. Bh4 Nd4 {[%emt 0:01:28] Hier war wenig los.   Gewichteter Fehlerwert: Weiß=0.32/Schwarz=0.31.  Fehler:       	Weiß=1     	Schwarz=2     OK:         	Weiß=1     	---        Bester:       	---       	Schwarz=1} (9... a5 $11) 1/2-1/2

[Event "Polish University-ch Teams 2024"]
[Site "Lublin"]
[Date "2024.02.25"]
[Round "7.17"]
[White "Adamczyk, Zuzanna"]
[Black "Dziendziel, Mateusz"]
[Result "0-1"]
[ECO "B67"]
[WhiteElo "1970"]
[BlackElo "1975"]
[Annotator "NA"]
[PlyCount "74"]
[EventDate "2024.02.22"]
[EventType "team-tourn"]
[EventCountry "POL"]
[SourceTitle "playchess.com"]
[Source "ChessBase"]
[SourceQuality "1"]
[TimeControl "900+5"]

1. e4 c5 2. Nf3 d6 3. d4 cxd4 4. Nxd4 Nf6 5. Nc3 Nc6 6. Bg5 e6 7. Qd2 a6 8. O-O-O Bd7 9. Nxc6 Bxc6 10. f3 b5 11. Kb1 Be7 12. h4 h5 13. Ne2 Qc7 14. Nd4 Bb7 15. Nb3 Rc8 16. Rc1 d5 17. exd5 Bxd5 18. Bd3 O-O 19. Bf4 Qb7 20. Na5 Qb6 21. Be3 Qc7 22. c4 bxc4 23. Bxc4 Bxc4 24. Nxc4 Rfd8 25. Qf2 Qb7 26. Bb6 Re8 27. Na5 Qd5 28. Nb3 Qf5+ 29. Ka1 Nd5 30. Bc5 Bf6 31. Bd4 Nb4 32. Bc3 Nd3 33. Qd2 Nxc1 34. Rxc1 Bxc3 35. bxc3 Red8 36. Nd4 Qf6 37. Qf2 Rxd4 0-1

[Event "Polish University-ch Teams 2024"]
[Site "Lublin"]
[Date "2024.02.25"]
[Round "7.18"]
[White "Pisarek, Elzbieta"]
[Black "Orlik, Sandra"]
[Result "0-1"]
[ECO "B30"]
[WhiteElo "1754"]
[BlackElo "1836"]
[Annotator "NA RC"]
[PlyCount "66"]
[EventDate "2024.02.22"]
[EventType "team-tourn"]
[EventCountry "POL"]
[SourceTitle "playchess.com"]
[Source "ChessBase"]
[SourceQuality "1"]
[TimeControl "900+5"]

1. e4 c5 2. Nf3 Nc6 3. Bb5 Qc7 4. O-O Nf6 5. Re1 e6 6. c3 a6 7. Bxc6 bxc6 8. e5 Nd5 9. d3 Be7 10. Na3 O-O 11. Nc4 f6 12. Qe2 fxe5 13. Ncxe5 d6 14. Nc4 e5 15. h3 Bf5 16. a4 Rae8 17. a5 Bg6 18. Qc2 Bd8 19. Ng5 Nf4 20. Bxf4 Rxf4 21. Nf3 Ref8 22. Ncd2 Qd7 23. Re3 Bf5 24. Kh2 c4 25. g3 Bxd3 26. Rxd3 cxd3 27. Qxd3 R4f6 28. Kg2 d5 29. Re1 Bc7 30. Rf1 e4 31. Nxe4 Rxf3 32. Qd2 Qf5 33. Nc5 Rxg3+ 0-1

[Event "Polish University-ch Teams 2024"]
[Site "Lublin"]
[Date "2024.02.25"]
[Round "7.19"]
[White "Zaleski, Lukasz"]
[Black "Snihur, Piotr"]
[Result "0-1"]
[ECO "C47"]
[WhiteElo "2182"]
[BlackElo "2278"]
[Annotator "RC"]
[PlyCount "78"]
[EventDate "2024.02.22"]
[EventType "team-tourn"]
[EventCountry "POL"]
[SourceTitle "playchess.com"]
[Source "ChessBase"]
[SourceQuality "1"]
[TimeControl "900+5"]

1. e4 e5 2. Nf3 Nc6 3. Nc3 Nf6 4. g3 Be7 5. Bg2 d6 6. O-O O-O 7. h3 Rb8 8. a4 a6 9. d4 b5 10. axb5 axb5 11. d5 Nb4 12. Qe2 Bd7 13. Rd1 Qc8 14. Kh2 c5 15. dxc6 Bxc6 16. Nh4 g6 17. Bh6 Re8 18. Ra7 Rb7 19. Rxb7 Qxb7 20. Bg5 Rd8 21. Bxf6 Bxf6 22. Nf3 Na6 23. Nd5 Bxd5 24. Rxd5 Nc7 25. Rd3 Ne6 26. Qd2 Qc6 27. c3 Nc5 28. Rd5 Nxe4 29. Qd1 Nxf2 30. Qb3 e4 31. Nd4 Qe8 32. Rxb5 e3 33. Nc6 Rc8 34. Kg1 Rxc6 35. Bxc6 Qxc6 36. Rb8+ Kg7 37. Qb7 Nxh3+ 38. Kh2 Qxb7 39. Rxb7 e2 0-1

[Event "Polish University-ch Teams 2024"]
[Site "Lublin"]
[Date "2024.02.25"]
[Round "7.20"]
[White "Sliwicka, Alicja"]
[Black "Demianowicz, Maciej"]
[Result "0-1"]
[ECO "B33"]
[WhiteElo "2309"]
[BlackElo "1972"]
[Annotator "TA"]
[PlyCount "116"]
[EventDate "2024.02.22"]
[EventType "team-tourn"]
[EventCountry "POL"]
[SourceTitle "playchess.com"]
[Source "ChessBase"]
[SourceQuality "1"]
[TimeControl "900+5"]

1. e4 c5 2. Nf3 Nc6 3. d4 cxd4 4. Nxd4 Nf6 5. Nc3 e5 6. Ndb5 h6 7. Nd5 Nxd5 8. exd5 {[%emt 0:00:00][%cal Od5d6] d6! is the strong threat.} a6 $1 9. dxc6 axb5 {[%emt 0:00:01] The position is equal.} 10. cxd7+ Bxd7 11. Bd3 Qc7 12. O-O Bd6 13. Qe2 b4 14. f4 (14. Bd2 $11) 14... Ra5 15. f5 Qb6+ (15... O-O $11 {remains equal.} 16. f6 e4 17. Qxe4 Bxh2+ 18. Kh1 g6) 16. Be3 (16. Kh1 $1 $16) 16... Bc5 $11 17. Bxc5 Qxc5+ 18. Kh1 Bc6 19. Rae1 f6 20. Bc4 Kd8 21. Qg4 {[%emt 0:00:00][%cal Oc2c3] Strongly threatening c3!} Qe7 22. Be6 Kc7 23. Rd1 h5 24. Qc4 {[%emt 0:00:00] Threatens to win with Rd7+.} b5 ({Black should try} 24... Qc5 $15 25. Qe2 Raa8) 25. Qb3 h4 26. Bd5 Rd8 27. Bxc6 Kxc6 28. c3 $1 bxc3 29. Qxc3+ Kb6 30. Rxd8 (30. Qe3+ $1 $14 Ka6 31. a3) 30... Qxd8 $14 {[%emt 0:00:02][%mdl 4096] Endgame. KQR-KQR} 31. Rc1 Qd7 {[%emt 0:00:22][%cal Oa5a4] Dodges Qc6+} 32. a3 Ra4 {[%emt 0:00:06][%cal Oa4c4] Hoping for ...Rc4!} 33. Qc5+ Kb7 34. h3 Rd4 35. b4 Rd5 36. Qc3 (36. Qc2 $11 {was preferrable.}) 36... e4 (36... Qxf5 37. Qc6+ Kb8 38. Qxd5) (36... Rd1+ $15 37. Rxd1 Qxd1+ 38. Kh2 Qd6) 37. Qe3 $2 (37. Qe1 $11 {and White has nothing to worry.}) 37... Rd1+ $1 $19 (37... Qxf5 38. Qe2 $11) 38. Rxd1 Qxd1+ {[%emt 0:00:01] KQ-KQ} 39. Kh2 Qd3 40. Qc5 e3 $2 (40... Qxa3 41. Qxb5+ Ka7 42. Qc5+ Kb7 43. Qe7+ Kb6 44. Qc5+ (44. Qxg7 Qc3 $11) (44. Qxe4 Qg3+ 45. Kg1 Kb5 $11) 44... Kb7 45. Qd5+ Kb6 46. Qxe4 Qg3+ 47. Kg1 $11) (40... Qc4 $1 $19 {[%cal Rc4c5] ( -> ...Qxc5)} 41. Qf8 e3 (41... Qc7+ 42. Kg1 $11)) 41. Qe7+ (41. Kg1 $1 $11 {and White stays safe.}) 41... Kc6 42. Qc5+ {[%emt 0:00:10] [#]} Kd7 $1 43. Qa7+ Ke8 {[%emt 0:00:22] Black is more active.} 44. Qb8+ Ke7 {[%emt 0:00:23] aiming for ...Qd6+.} 45. Qb7+ $2 {[%emt 0:00:04][%mdl 8192] [#]} (45. Qa7+ $17 Kf8 46. Qb8+ Kf7 47. Qb7+ Kg8 48. Qc8+ Kh7 49. Qe8) 45... Kd6 $1 46. Qf3 {[%emt 0:00:11] Against e2} Ke5 {[%emt 0:00:09] Black mates.} (46... Qxa3 $2 47. Qe4 $19) 47. Kg1 Kd4 ({Inferior is} 47... Qxf5 48. Qxe3+ Qe4 49. Qc5+ Qd5 50. Qe3+ Kf5 51. Qf2+ Kg5 52. Qe3+ Kf5 53. Qf2+ Kg5 54. g3 $11) 48. Kh2 e2 49. Qf2+ Qe3 50. Qxh4+ Kd3 51. Qe1 Kc2 52. a4 Qd2 53. Qa1 Qf4+ 54. Kg1 Qf1+ 55. Qxf1 exf1=Q+ 56. Kxf1 bxa4 57. b5 a3 58. b6 a2 {[%emt 0:00:00] Weighted Error Value: White=0.43/Black=0.16 (very precise) .  Loses game:     	White=3     	---        Missed win:     	---       	Black=1      Mistake:       	White=4     	Black=3      Inaccurate:     	White=3     	Black=2      OK:         	White=14    	Black=11     Best:        	White=4     	Black=3      Strong:       	White=1     	Black=4} 0-1

[Event "Polish University-ch Teams 2024"]
[Site "Lublin"]
[Date "2024.02.25"]
[Round "7.21"]
[White "Rogala, Milosz"]
[Black "Brzezinski, Mateusz"]
[Result "0-1"]
[ECO "B33"]
[WhiteElo "1839"]
[BlackElo "2176"]
[Annotator "ChessBase"]
[PlyCount "112"]
[EventDate "2024.02.22"]
[EventType "team-tourn"]
[EventCountry "POL"]
[SourceTitle "playchess.com"]
[Source "ChessBase"]
[SourceQuality "1"]
[TimeControl "900+5"]

1. e4 c5 2. Nf3 Nc6 3. d4 cxd4 4. Nxd4 Nf6 5. Nc3 e5 6. Ndb5 d6 7. Bg5 a6 8. Na3 b5 9. Bxf6 gxf6 10. Nd5 Bg7 11. g3 Ne7 12. Bg2 Bb7 13. Nxe7 Qxe7 14. c3 f5 15. f3 f4 16. Qe2 fxg3 17. hxg3 Qg5 18. Nxb5 Qxg3+ 19. Kf1 Rd8 20. Nc7+ Kf8 21. Rd1 h5 22. Qf2 Qxf2+ 23. Kxf2 h4 24. Bh3 Bh6 25. Rd3 Bf4 26. Rhd1 Rh6 27. Nd5 Bg3+ 28. Kg2 Bc6 29. c4 Rg6 30. Bg4 Kg7 31. Ne3 Bf4 32. Nf5+ Kh7 33. Ne7 Rxg4+ 34. fxg4 Bxe4+ 35. Kh3 Bxd3 36. Rxd3 Kg7 37. Rxd6 Rxd6 38. Nf5+ Kf6 39. Nxd6 Ke6 40. Ne4 f5 41. gxf5+ Kxf5 42. Nd6+ Ke6 43. Ne4 Bc1 44. Kxh4 Kf5 45. Nd6+ Kf4 46. b3 e4 47. Nxe4 Kxe4 48. b4 Kd4 49. b5 a5 50. b6 Bf4 51. Kg4 Bb8 52. Kf3 Kxc4 53. Ke4 Kc3 54. Kd5 a4 55. Kc5 a3 56. Kc6 Kb2 0-1

[Event "Polish University-ch Teams 2024"]
[Site "Lublin"]
[Date "2024.02.25"]
[Round "7.22"]
[White "Drozdowski, Konrad"]
[Black "Poplawski, Maciej"]
[Result "1/2-1/2"]
[ECO "A07"]
[WhiteElo "2117"]
[BlackElo "1900"]
[Annotator "NA"]
[PlyCount "102"]
[EventDate "2024.02.22"]
[EventType "team-tourn"]
[EventCountry "POL"]
[SourceTitle "playchess.com"]
[Source "ChessBase"]
[SourceQuality "1"]
[TimeControl "900+5"]

1. Nf3 d5 2. g3 Nf6 3. Bg2 c6 4. O-O Bg4 5. h3 Bh5 6. d4 Qb6 7. Ne5 Nbd7 8. f4 Nxe5 9. fxe5 Ne4 10. Kh2 e6 11. c3 Be7 12. Nd2 Nxd2 13. Qxd2 O-O 14. e4 f6 15. exf6 Bxf6 16. Qc2 Bg6 17. b3 Qa6 18. Bf4 c5 19. Qd1 cxd4 20. e5 Be7 21. Qxd4 Rac8 22. Qd2 Qa5 23. b4 Qa3 24. Rac1 a5 25. bxa5 Qxa5 26. Be3 Ba3 27. Rxf8+ Rxf8 28. Rf1 Rc8 29. Bd4 Bc5 30. Rd1 Bxd4 31. cxd4 Qa3 32. Qf2 Rc2 33. Rd2 Qxa2 34. Rxc2 Qxc2 35. Qxc2 Bxc2 36. Bf1 Bb3 37. Bb5 Bc4 38. Bd7 Kf7 39. Kg2 Ke7 40. Bc8 b5 41. Kf2 b4 42. Ke3 g5 43. h4 gxh4 44. gxh4 Bf1 45. Kd2 Bc4 46. Kc2 Ba2 47. Kb2 Bc4 48. Kc2 Ba2 49. Kb2 Bc4 50. Kc2 Kf7 51. Kb2 Ke7 1/2-1/2

[Event "Polish University-ch Teams 2024"]
[Site "Lublin"]
[Date "2024.02.25"]
[Round "7.23"]
[White "Twardowski, Hubert"]
[Black "Sujkowski, Dominik"]
[Result "1/2-1/2"]
[ECO "B33"]
[WhiteElo "1848"]
[BlackElo "1562"]
[Annotator "NA"]
[PlyCount "73"]
[EventDate "2024.02.22"]
[EventType "team-tourn"]
[EventCountry "POL"]
[SourceTitle "playchess.com"]
[Source "ChessBase"]
[SourceQuality "1"]
[TimeControl "900+5"]

1. e4 c5 2. Nf3 Nc6 3. d4 cxd4 4. Nxd4 Nf6 5. Nc3 e5 6. Ndb5 d6 7. Bg5 a6 8. Na3 b5 9. Nd5 Be7 10. Bxf6 Bxf6 11. c3 Bg5 12. h4 Bh6 13. Nc2 O-O 14. g3 Be6 15. Nce3 Bxe3 16. Nxe3 Ne7 17. Bg2 Rb8 18. Qd2 Qb6 19. O-O Rfd8 20. Nd5 Bxd5 21. exd5 b4 22. c4 Nf5 23. Kh2 Qc5 24. Rac1 Nd4 25. f4 f6 26. Qf2 b3 27. a3 Rf8 28. Bh3 Rbe8 29. Rfd1 a5 30. h5 a4 31. h6 g6 32. Re1 f5 33. fxe5 Rxe5 34. Rxe5 dxe5 35. Re1 Re8 36. Qf1 Re7 37. Kg2 1/2-1/2

[Event "Polish University-ch Teams 2024"]
[Site "Lublin"]
[Date "2024.02.25"]
[Round "7.24"]
[White "Rykala, Monika"]
[Black "Lascar, Radoslawa"]
[Result "1-0"]
[ECO "A48"]
[WhiteElo "1893"]
[BlackElo "1804"]
[Annotator "NA"]
[PlyCount "127"]
[EventDate "2024.02.22"]
[EventType "team-tourn"]
[EventCountry "POL"]
[SourceTitle "playchess.com"]
[Source "ChessBase"]
[SourceQuality "1"]
[TimeControl "900+5"]

1. d4 Nf6 2. Nf3 g6 3. Bf4 Bg7 4. e3 O-O 5. h3 c5 6. c3 d6 7. Bd3 Re8 8. Bh2 Nbd7 9. O-O a6 10. a4 e5 11. dxe5 dxe5 12. Bc4 Qe7 13. Qb3 Rb8 14. Rd1 b6 15. Nbd2 Bb7 16. Ng5 Rf8 17. Re1 h6 18. Ngf3 Rbc8 19. Nf1 Bxf3 20. gxf3 Ra8 21. Rad1 Nh5 22. Qc2 Kh7 23. Ng3 Ndf6 24. Qe2 a5 25. Rd2 Rfd8 26. Red1 Kg8 27. Rxd8+ Rxd8 28. Qc2 Kf8 29. Qb3 Rxd1+ 30. Qxd1 Qd7 31. Qb3 Qb7 32. Qd1 Qd7 33. Qxd7 Nxd7 34. Nxh5 gxh5 35. f4 f5 36. Be6 Ke7 37. Bxf5 exf4 38. Bxf4 Nf6 39. e4 Kd8 40. Be5 Ke7 41. f3 Bf8 42. Bc7 Nd7 43. Bxd7 Kxd7 44. Bxb6 Kc6 45. Bxa5 Be7 46. b4 Bf6 47. b5+ Kb7 48. Kf2 Bg5 49. Ke2 c4 50. Kf2 Bf4 51. Bd8 Be5 52. Ba5 Bf4 53. Kg2 Be5 54. Kf2 Bf4 55. Ke2 Ka7 56. Kd1 Kb7 57. Kc2 Be5 58. Bb4 Kb6 59. Kb2 Bf6 60. Bd6 Ka5 61. f4 Bd8 62. Ka3 h4 63. f5 Bg5 64. Bc7# 1-0

[Event "Polish University-ch Teams 2024"]
[Site "Lublin"]
[Date "2024.02.25"]
[Round "8.1"]
[White "Kosakowski, Jakub"]
[Black "Janik, Igor"]
[Result "1-0"]
[ECO "C01"]
[WhiteElo "2482"]
[BlackElo "2499"]
[Annotator "ChessBase"]
[PlyCount "75"]
[EventDate "2024.02.22"]
[EventType "team-tourn"]
[EventCountry "POL"]
[SourceTitle "playchess.com"]
[Source "ChessBase"]
[SourceQuality "1"]
[TimeControl "900+5"]

1. e4 Nf6 2. Nc3 Ng8 3. Nb1 a6 4. d4 e6 5. Nf3 b5 6. a4 b4 7. Bd3 Bb7 8. O-O Nf6 9. e5 Nd5 10. c4 bxc3 11. bxc3 Be7 12. Re1 O-O 13. Nbd2 f5 14. exf6 Nxf6 15. Rb1 Qc8 16. Nc4 Nc6 17. Bc2 Rb8 18. Qd3 Nd8 19. Bg5 Bxf3 20. Bxf6 Bxf6 21. Qxh7+ Kf7 22. Rxb8 Qxb8 23. gxf3 Ke7 24. Ne3 Nf7 25. Nd5+ Kd8 26. Nxf6 gxf6 27. Qg7 Ke7 28. Bg6 Qb3 29. Re3 Qxa4 30. h4 Qa1+ 31. Kg2 Qa5 32. c4 Qb4 33. d5 Qxc4 34. dxe6 dxe6 35. Bf5 e5 36. Rd3 Qxh4 37. Rd7+ Ke8 38. Rd8+ 1-0